 Dungeon Crawl Stone Soup version 0.17.1-1-g73c8601 (webtiles) character file.

200 Implojin the Ruffian (level 5, -5/50 HPs)
             Began as a Troll Fighter on Apr 5, 2016.
             Slain by an orc warrior
             ... wielding a +0 scimitar of flaming
              (10 damage)
             ... on level 6 of the Dungeon.
             The game lasted 00:02:40 (474 turns).

Implojin the Ruffian (Troll Fighter)                 Turns: 474, Time: 00:02:40

Health: -5/50      AC:  5    Str: 24    XL:     5   Next: 48%
Magic:  4/4        EV:  8    Int:  4    God:
Gold:   36         SH:  8    Dex: 10    Spells: 0 memorised, 4 levels left

rFire  . . .     SeeInvis .       - Unarmed
rCold  . . .     Clarity  .     a - +0 robe
rNeg   . . .     SustAt   .     b - +0 shield
rPois  .         Gourm    +     (helmet restricted)
rElec  .         Spirit   .     (no cloak)
rCorr  .         Warding  .     (gloves unavailable)
rMut   .         Stasis   .     (boots unavailable)
MR     .....                    (no amulet)
Stlth  +.........               (no ring)
                                (no ring)

@: not resistant to hostile enchantments, very unstealthy
A: unfitting armour, claws 3, fast metabolism 3, gourmand, regeneration 2,
shaggy fur 1, tough skin 2
a: no special abilities


You were on level 6 of the Dungeon.
You were very full.

You visited 1 branch of the dungeon, and saw 6 of its levels.

You collected 36 gold pieces.

Inventory:

Armour
 a - a +0 robe (worn)
 b - a +0 shield (worn)
Scrolls
 e - a scroll of amnesia {unknown}
 f - a scroll of fear {unknown}
 g - a scroll of recharging {unknown}
 h - 2 scrolls of magic mapping
Potions
 c - a potion of might
 j - a potion of curing
Comestibles
 d - 4 bread rations
 i - a slice of pizza


   Skills:
 - Level 2.4 Fighting
 - Level 2.4 Dodging
 - Level 2.4 Shields
 * Level 5.8 Unarmed Combat


You had 4 spell levels left.
You didn't know any spells.

Dungeon Overview and Level Annotations

Branches:
Dungeon (6/15)
 Temple: D:4-7

Altars:
Sif Muna
Trog
Yredelemnul
Zin


Innate Abilities, Weirdness & Mutations

You are too large for most types of armour.
You have claws for hands.
Your metabolism is lightning-fast.
You like to eat raw meat.
You heal very quickly.
You are covered in fur (AC +1).
You have very tough skin (AC +2).


Message History

You barely miss the giant newt. The giant newt closely misses you.
Your shield prevents you from hitting the giant newt.
You block the giant newt's attack.
Your shield prevents you from hitting the giant newt.
The giant newt bites you.
You barely miss the giant newt.
The giant newt bites you but does no damage.
You claw the giant newt!
You kill the giant newt!
You mangle the orc!!
You kill the orc!
You closely miss the orc warrior. You claw the orc warrior!
The orc warrior is severely wounded.
You block the orc warrior's attack.
You scratch the orc warrior.
The orc warrior is almost dead.
You block the orc's attack. You block the orc warrior's attack.
You scratch the orc warrior.
The orc warrior is almost dead.
The orc hits you but does no damage.
You scratch the orc warrior but do no damage.
The orc warrior is almost dead.
The orc warrior hits you with a scimitar of flaming.
The orc warrior burns you. The orc hits you with a hand axe.
You scratch the orc warrior but do no damage.
The orc warrior is almost dead.
The orc warrior closely misses you. The orc hits you with a hand axe.
You scratch the orc warrior.
The orc warrior is almost dead.
The orc warrior hits you with a scimitar of flaming!!
Ouch! That really hurt!
* * * LOW HITPOINT WARNING * * *
The orc warrior burns you!
* * * LOW HITPOINT WARNING * * *
The orc hits you but does no damage.
A hill giant comes into view. It is wielding a giant club.
The hill giant shouts!
The orc warrior hits you with a scimitar of flaming!
You die...

#...#####.#.........
#....##P###....##...
######.....'._⌠#######'##
#...##.....'._⌠# #....
#...##...###≈### #....
+........####### #....
#..............# #....
### #.............# ##...
.... #...##..@##...# ###.
%.... #...##.o.##...+ ##
......#...##o.......# #
....).)........##...#
......#........# ..#
#.... #............ #
#... ######....C.. +..
#........ #. +........


You could see an orc warrior and an orc.

Vanquished Creatures
  A sky beast (D:6)
  A hound (D:4)
  An orc priest (D:5)
  A hound zombie (D:6)
  A shadow imp (D:5)
  An adder skeleton (D:6)
  A worm (D:2)
  A giant gecko (D:5)
  3 orcs
  A goblin (D:1)
  2 quokkas
  A bat (D:2)
  A giant cockroach (D:6)
  A giant newt (D:6)
  A kobold (D:1)
  A rat (D:2)
19 creatures vanquished.

Notes
Turn   | Place    | Note
--------------------------------------------------------------
     0 | D:1      | Implojin the Troll Fighter began the quest for the Orb.
     0 | D:1      | Reached XP level 1. HP: 22/22 MP: 0/0
    71 | D:2      | Found a basalt altar of Yredelemnul.
   207 | D:3      | Reached XP level 2. HP: 29/29 MP: 1/1
   241 | D:4      | Reached skill level 3 in Unarmed Combat
   241 | D:4      | Reached XP level 3. HP: 22/36 MP: 2/2
   273 | D:5      | Entered Level 5 of the Dungeon
   287 | D:5      | Reached skill level 4 in Unarmed Combat
   287 | D:5      | Reached XP level 4. HP: 41/44 MP: 3/3
   350 | D:6      | Noticed a sky beast
   363 | D:6      | Killed a sky beast
   363 | D:6      | Reached skill level 5 in Unarmed Combat
   363 | D:6      | Reached XP level 5. HP: 43/50 MP: 4/4
   390 | D:6      | Found a deep blue altar of Sif Muna.
   426 | D:6      | Found a bloodstained altar of Trog.
   426 | D:6      | Found a glowing silver altar of Zin.
   447 | D:6      | Noticed an orc warrior
   467 | D:6      | HP: 1/50 [orc warrior/scimitar of flaming (13)]
   471 | D:6      | Noticed a hill giant
   474 | D:6      | Slain by an orc warrior

Action                   |  1- 3 |  4- 6 || total
-------------------------+-------+-------++-------
Melee: Unarmed           |    38 |    43 ||    81
  Use: Scroll            |       |     2 ||     2
  Eat: Chunk             |     4 |     4 ||     8

Table legend:
 A = Turns spent in this place as a percentage of turns spent in the entire game.
 B = Non-inter-level travel turns spent in this place as a percentage of non-inter-level travel turns spent in the entire game.
 C = Inter-level travel turns spent in this place as a percentage of turns spent in this place.
 D = Turns resting spent in this place as a percentage of non-inter-level travel turns spent in this place.
 E = Turns spent auto-exploring this place as a percentage of non-inter-level travel turns spent in this place.
 F = Non-inter-level travel turns spent in this place divided by the number of levels of this place that you've seen.
                   A       B       C       D       E      F
               +-------+-------+-------+-------+-------+----------------------
         Total | 100.0 | 100.0 |   0.0 |   0.0 |   0.0 |  74.0
       Dungeon | 100.0 | 100.0 |   0.0 |   0.0 |   0.0 |  74.0
               +-------+-------+-------+-------+-------+----------------------

Table legend:
 A = Kills in this place as a percentage of kills in entire the game.
 B = Kills by you in this place as a percentage of kills by you in the entire game.
 C = Kills by friends in this place as a percentage of kills by friends in the entire game.
 D = Other kills in this place as a percentage of other kills in the entire game.
 E = Experience gained in this place as a percentage of experience gained in the entire game.
 F = Experience gained in this place divided by the number of levels of this place that you have seen.
                   A       B       C       D       E      F
               +-------+-------+-------+-------+-------+----------------------
         Total | 100.0 | 100.0 |  -nan |  -nan | 100.0 |  47.7
       Dungeon | 100.0 | 100.0 |  -nan |  -nan | 100.0 |  47.7
               +-------+-------+-------+-------+-------+----------------------
